 Dungeon Crawl Stone Soup version 0.28.0-43-g3370ac3207 (webtiles) character file.

Game seed: 2345194869334605156

8194 demenzo the Fighter (level 11, -4/123 HPs)
             Began as an Ogre Cinder Acolyte on Mar 23, 2022.
             Was a Believer of Ignis.
             Slain by a wyvern (15 damage)
             ... on level 9 of the Dungeon on Mar 24, 2022.
             The game lasted 00:17:02 (10100 turns).

demenzo the Fighter (Ogre Cinder Acolyte)          Turns: 10100, Time: 00:17:03

Health: -4/123     AC: 10    Str: 20    XL:     11   Next: 27%
Magic:  24/24      EV: 28    Int: 19    God:    Ignis [**....]
Gold:   0          SH:  0    Dex:  4    Spells: 26/28 levels left

rFire   + . .      SeeInvis .   k - +0 giant spiked club
rCold   . . .      Faith    .   (shield currently unavailable)
rNeg    . . .      Spirit   .   B - +0 steam dragon scales
rPois   .          Reflect  .   (helmet restricted)
rElec   .          Harm     .   (no cloak)
rCorr   .          Rampage  .   (gloves unavailable)
Will    +....      Clarity  +   (boots unavailable)
Stlth   +.........              q - amulet "Puaj" {Acrobat Regen+}
HPRegen 1.90/turn               s - +4 ring of evasion
MPRegen 0.19/turn               i - +4 ring of protection

@: lethally poisoned (-4 -> -4), acrobatic
A: large, unfitting armour, tough skin 1, clarity, regeneration 1, subdued magic
1
a: Renounce Religion, Fiery Armour, Foxfire Swarm, Rising Flame


You were on level 9 of the Dungeon.
You worshipped Ignis.
Ignis was pleased with you.
You visited 1 branch of the dungeon, and saw 9 of its levels.
You also visited: Sewer.

Inventory:

Hand Weapons
 a - a +0 flail
 j - a -1 mace of flaming
 k - a +0 giant spiked club (weapon)
 u - a +0 arbalest
 x - a +0 shortbow
Missiles
 c - 129 stones (quivered)
 e - 36 poisoned darts
 l - 75 sling bullets
 w - 28 bolts
 y - 42 arrows
Armour
 b - a +0 robe
 B - +0 steam dragon scales (worn)
Jewellery
 d - the ring of Moral Flaws {rN+ Str+6 SInv Stlth+}
   (You acquired it on level 5 of the Dungeon)

   [ring of strength]

   Str:       It affects your strength (+6).
   rN:        It protects you from negative energy.
   SInv:      It lets you see invisible.
   Stlth:     It makes you more stealthy.
 i - a +4 ring of protection (right hand)
 q - the amulet "Puaj" (around neck) {Acrobat Regen+}
   (You found it on level 4 of the Dungeon)

   [amulet of the acrobat]

   It increases your evasion while moving and waiting.
   Regen:     It increases your rate of health regeneration.
 r - a ring of protection from cold
 s - a +4 ring of evasion (left hand)
Wands
 v - a wand of acid (14)
Scrolls
 g - a scroll of vulnerability
 p - a scroll of teleportation
Potions
 f - a potion of might {unknown}
 h - 2 potions of resistance
 m - 2 potions of brilliance {unknown}
 o - 2 potions of lignification {unknown}
 A - 2 potions of attraction {unknown}
 C - a potion of curing {unknown}


   Skills:
 + Level 11.9 Fighting
 * Level 11.5 Maces & Flails
 + Level 9.4 Spellcasting
 - Level 2.6 Fire Magic


You had 26 spell levels left.
You knew the following spells:

 Your Spells              Type           Power      Damage    Failure   Level
a - Scorch                Fire           28%        2d6       3%          2

Your spell library contained the following spells:

 Spells                   Type           Power      Damage    Failure   Level
 Sandblast                Erth           12%        2d6       6%          1
 Passwall                 Tmut/Erth      5%         N/A       10%         2
 Stone Arrow              Conj/Erth      12%        3d7       21%         3


Dungeon Overview and Level Annotations

Branches:
Dungeon (9/15)             Temple (0/1) D:6            Lair (0/6) D:8
  Sewer (visited)
    Orc: D:9-12

Altars:
Dithmenos
Hepliaklqana
Makhleb
Nemelex Xobeh
Ru
Sif Muna
Trog
Vehumet
Wu Jian
Xom
The Shining One

Shops:
D:1 (   D:8 *

Annotations:
D:9 Maurice


Innate Abilities, Weirdness & Mutations

You are too large for most types of armour.
You have tough skin. (AC +1)
You possess an exceptional clarity of mind.
Your natural rate of healing is unusually fast.
Your spells are a little easier to cast, but a little less powerful.


Message History

You closely miss the killer bee.
You feel very sick. The killer bee closely misses you.
The howler monkey zombie hits you but does no damage.
The killer bee barely misses you.
Unknown command.
You barely miss the killer bee.
You feel sick. The killer bee barely misses you.
A stone appears from out of thin air!
The stone hits you.
* * * LOW HITPOINT WARNING * * *
The killer bee misses you.
The howler monkey zombie closely misses you.
The killer bee stings you but does no damage.
You hear some strange, mumbled words.
As you read the scroll of teleportation, it crumbles to dust.
You feel strangely unstable.
You feel sick. The killer bee stings you.
* * * LOW HITPOINT WARNING * * *
You are more poisoned.
The killer bee poisons you!
The howler monkey zombie barely misses you.
The killer bee closely misses you.
You miss the killer bee.
You feel very sick. The killer bee barely misses you.
The howler monkey zombie closely misses you.
The killer bee stings you but does no damage.
Something hits you.
* * * LOW HITPOINT WARNING * * *
Something mutters, "Now where did you hide it?"
The howler monkey zombie hits you but does no damage.
You impale the killer bee!!
You kill the killer bee!
Your surroundings suddenly seem different.
A wyvern comes into view.
Found a stone staircase leading up.
You feel very sick.
The wyvern hisses angrily.
You feel sick.
You feel sick. The wyvern bites you!
You die...

.........
........#.....
+###.....
........+..... .....
........#.....
........#.....
########......######
+......+......#.....
#......#......#.....
#..l...#......#.....
#..@<..#......#.....
########......#.....
#......#.....
#......+.....
#......#.....
#......######
#######......
#...... #......


You could see a wyvern.

Vanquished Creatures
  A fire dragon (D:8)
  Erica (D:8)
  2 two-headed ogres
  A kobold demonologist (D:9)
  Prince Ribbit (D:5)
  A wyvern (D:7)
  10 yaks
  Eustachio (D:5)
  Grum (D:8)
  2 steam dragons (D:7)
  An acid dragon (D:9)
  A water moccasin (D:9)
  Pargi (Sewer)
  An orc warrior (D:8)
  An ice beast (D:5)
  2 black bears
  An ogre (D:5)
  A necrophage (D:4)
  4 wolves (D:8)
  A phantom (D:6)
  3 centaurs
  Blork the orc (D:5)
  2 bullfrogs
  A kobold brigand (D:8)
  A gnoll sergeant (D:6)
  2 scorpions
  4 killer bees (D:9)
  A water moccasin skeleton (D:3)
  A howler monkey (D:9)
  A crimson imp (D:7)
  3 centaur zombies
  5 hounds
  3 orc priests
  A bullfrog skeleton (D:6)
  4 jellies
  2 iguanas
  Ijyb (D:4)
  2 orc wizards
  Natasha (D:2)
  A killer bee zombie (D:7)
  A hound zombie (D:5)
  A howler monkey skeleton (D:4)
  3 adders
  16 gnolls
  2 white imps
  2 ufetubi
  An adder skeleton (D:4)
  3 worms
  5 dart slugs
  18 orcs
  7 ball pythons
  11 endoplasms
  3 giant cockroaches
  9 goblins
  8 hobgoblins
  5 jackals
  5 quokkas
  9 bats
  6 frilled lizards
  17 kobolds
  6 rats
213 creatures vanquished.

Vanquished Creatures (others)
  17 foxfires (D:4)
  6 plants (D:6)
23 creatures vanquished.

Grand Total: 236 creatures vanquished

Notes
Turn   | Place    | Note
-------+----------+-------------------------------------------
     0 | D:1      | demenzo the Ogre Cinder Acolyte began the quest for the
                  | Orb.
     0 | D:1      | Reached XP level 1. HP: 24/24 MP: 2/2
   206 | D:1      | Reached XP level 2. HP: 21/32 MP: 3/3
   525 | D:1      | Found a faded altar of an unknown god.
   579 | D:1      | Found Latuledd's Weapon Shoppe.
   780 | D:1      | Reached XP level 3. HP: 40/40 MP: 4/4
  1759 | D:2      | Reached XP level 4. HP: 19/49 MP: 6/6
  1781 | D:2      | Noticed Natasha
  1787 | D:2      | Killed Natasha
  2229 | D:2      | Reached skill level 5 in Fighting
  2497 | D:3      | Reached XP level 5. HP: 26/57 MP: 8/8
  2713 | D:3      | Found a glowing golden altar of the Shining One.
  2894 | D:3      | Found a radiant altar of Vehumet.
  3438 | D:3      | Found a bloodstained altar of Trog.
  3775 | D:4      | Noticed a necrophage
  3793 | D:4      | Killed a necrophage
  3794 | D:4      | Reached XP level 6. HP: 21/67 MP: 8/10
  3797 | D:4      | Identified the amulet "Puaj" {Acrobat Regen+}
  4083 | D:4      | Reached skill level 5 in Maces & Flails
  4434 | D:4      | Found a sacrificial altar of Ru.
  4434 | D:4      | Found a shimmering blue altar of Sif Muna.
  4808 | D:4      | Noticed Ijyb
  4821 | D:4      | Killed Ijyb
  4822 | D:4      | Reached XP level 7. HP: 68/75 MP: 12/12
  5074 | D:5      | Entered Level 5 of the Dungeon
  5077 | D:5      | Gained mutation: You do not regenerate when monsters are
                  | visible. [potion of mutation]
  5078 | D:5      | Lost mutation: You do not regenerate when monsters are
                  | visible. [potion of mutation]
  5078 | D:5      | Gained mutation: Your natural rate of healing is unusually
                  | fast. [potion of mutation]
  5078 | D:5      | Gained mutation: You possess an exceptional clarity of
                  | mind. [potion of mutation]
  5078 | D:5      | Gained mutation: Your spells are a little easier to cast,
                  | but a little less powerful. [potion of mutation]
  5082 | D:5      | Identified a scroll of acquirement
  5082 | D:5      | Acquired the ring of Moral Flaws {rN+ Str+6 SInv Stlth+}
  5086 | D:5      | Noticed Blork the orc
  5111 | D:5      | Noticed Eustachio
  5190 | D:5      | Noticed Prince Ribbit
  5212 | D:5      | Killed Prince Ribbit
  5229 | D:5      | Found a glowing drain.
  5245 | Sewer    | Entered a sewer
  5326 | Sewer    | Noticed Pargi
  5340 | Sewer    | Killed Pargi
  5435 | D:5      | Killed Eustachio
  5436 | D:5      | Reached XP level 8. HP: 79/87 MP: 13/15
  5442 | D:5      | Found a sparkling altar of Nemelex Xobeh.
  5563 | D:5      | Reached skill level 5 in Spellcasting
  5826 | D:5      | Killed Blork the orc
  6190 | D:6      | Found a shadowy altar of Dithmenos.
  6426 | D:6      | Found a staircase to the Ecumenical Temple.
  6522 | D:6      | Reached XP level 9. HP: 30/97 MP: 16/18
  6688 | D:5      | Learned a level 2 spell: Scorch
  7300 | D:7      | Found an ornate altar of the Wu Jian Council.
  7396 | D:7      | Found a hazy altar of Hepliaklqana.
  8180 | D:7      | Found a shimmering altar of Xom.
  8180 | D:7      | Found a burning altar of Makhleb.
  8208 | D:8      | Found Vowasuy's General Store.
  8217 | D:8      | Noticed a two-headed ogre
  8382 | D:7      | Killed a two-headed ogre
  8383 | D:7      | Reached skill level 10 in Fighting
  8383 | D:7      | Reached XP level 10. HP: 86/110 MP: 13/21
  8543 | D:7      | Reached skill level 10 in Maces & Flails
  8737 | D:8      | Noticed Erica
  8770 | D:8      | Killed Erica
  8926 | D:8      | Found a staircase to the Lair.
  8926 | D:8      | Noticed a fire dragon
  8927 | D:8      | Noticed a two-headed ogre
  9136 | D:8      | Noticed Grum
  9150 | D:8      | Killed Grum
  9240 | D:8      | Killed a fire dragon
  9240 | D:8      | Killed a two-headed ogre
  9241 | D:8      | Reached XP level 11. HP: 30/122 MP: 22/24
  9877 | D:9      | Noticed a soul eater
  9878 | D:9      | Noticed a sixfirhy
 10049 | D:9      | Noticed Maurice
 10100 | D:9      | Slain by a wyvern

Illustrated notes

Levels and vault maps discovered:
D:1:      dpeg_arrival_rooms_b, layout_basic, serial_shops,
          nicolae_shop_crystal, hellmonk_ecumenical_altar_pennies_from_heaven,
          minmay_octomino_c4
D:2:      layout_basic, uniq_natasha
D:3:      layout_loops_ring, mainiacjoe_overflow_alcove_4,
          mainiacjoe_overflow_tiny_flanked, trog_book, minivault_4,
          chequers_jeans, feat_on_display
D:4:      layout_loops_cross, minitemple, minmay_fractal_squares_5, uniq_ijyb
D:5:      layout_cave_pods, nemelex_diamond_rough_becter,
          cheibrodos_sewer_entry_sluice, uniq_prince_ribbit1,
          uniq_blork_the_orc, uniq_eustachio
D:6:      layout_basic, mainiacjoe_overflow_chevrons, minmay_temple_entry_glass,
          mrwooster_statue_mirror, minmay_holes
D:7:      layout_basic, grunt_temple_overflow_champion_of_chaos,
          lemuel_round_altar, nzn_hepliaklqana_mist_gate
D:8:      layout_loops_ring, minmay_lair_entry_lava, serial_shops,
          nicolae_stop_n_shop_1, uniq_erica, uniq_grum
D:9:      layout_gridville, st_stairs_10, uniq_maurice

Skill      XL: |  1  2  3  4  5  6  7  8  9 10 |
---------------+-------------------------------+-----
Maces & Flails | 3 4 5 6 7 9 11 | 11.5
Spellcasting   | 2 3 4 6 7 9 |  9.4
Fighting       | 5 6 7 8 10 11 | 11.9
Fire Magic     | |  2.6

Action                   |  1- 3 |  4- 6 |  7- 9 | 10-12 || total
-------------------------+-------+-------+-------+-------++-------
Melee: Mace              |   115 |       |       |       ||   115
       Flail             |    21 |   185 |   369 |    92 ||   667
       Punch             |     1 |     4 |     5 |     1 ||    11
       Giant spiked club |       |       |       |   183 ||   183
 Cast: Scorch            |       |       |     7 |     7 ||    14
Invok: Fiery Armour      |       |     2 |     3 |     2 ||     7
       Foxfire Swarm     |       |     1 |       |       ||     1
Evoke: Wand              |       |       |     1 |     7 ||     8
  Use: Scroll            |       |       |    12 |     1 ||    13
       Potion            |       |       |     2 |       ||     2
 Stab: Sleeping          |       |       |     4 |       ||     4
Armor: Robe              |    48 |    59 |    76 |    40 ||   223
       Steam dragon scal |       |       |       |   124 ||   124
Dodge: Dodged            |    72 |   122 |   333 |   323 ||   850
